 Dungeon Crawl Stone Soup version 0.30-a0-459-g9104f0fc43 (webtiles) character file.

Game seed: 12870309799484296043

470 tilp the Ducker (level 7, -14/60 HPs)
             Began as a Meteoran Fighter on Dec 15, 2022.
             Was an Initiate of Makhleb.
             Demolished by a komodo dragon (18 damage)
             ... on level 7 of the Dungeon.
             The game lasted 00:08:08 (1406 turns).

tilp the Ducker (Meteoran Fighter)                  Turns: 1406, Time: 00:08:09

Health: -14/60     AC: 14    Str: 20    XL:     7   Next: 57%
Magic:  9/9        EV: 12    Int: 14    God:    Makhleb [......]
Gold:   192        SH:  5    Dex: 16    Spells: 6/6 levels left

rFire   . . .      SeeInvis .    a - +1 long sword
rCold   + . .      Faith    .    c - +0 buckler
rNeg    . . .      Spirit   .    j - +5 ring mail "Oliemeno" {rElec}
rPois   +          Reflect  .    s - +2 helmet of Immorality {rPois Str+3}
rElec   +          Harm     .    (no cloak)
rCorr   .          Rampage  .    (no gloves)
Will    .....                    (no boots)
Stlth   +.........               k - amulet of Gunoc {Acrobat +Inv Fly rC+ Int+4}
HPRegen 0.30/turn                (no ring)
MPRegen 0.11/turn                (no ring)

@: flying, glowing
A: sense surroundings 1, otherworldly, glowing, explore regen
a: Renounce Religion, Evoke Invisibility


You were on level 7 of the Dungeon.
You worshipped Makhleb.
Makhleb was noncommittal.
You visited 1 branch of the dungeon, and saw 7 of its levels.

You collected 192 gold pieces.

Inventory:

Hand Weapons
 a - a +1 long sword (weapon)
Missiles
 m - 3 poisoned darts (quivered)
Armour
 b - a +0 scale mail
 c - a +0 buckler (worn)
 j - the +5 ring mail "Oliemeno" (worn) {rElec}
   (You found it on level 3 of the Dungeon)

   rElec:     It insulates you from electricity.
 s - the +2 helmet of Immorality (worn) {rPois Str+3}
   (You acquired it on level 5 of the Dungeon)

   Str:       It affects your strength (+3).
   rPois:     It protects you from poison.
Jewellery
 k - the amulet of Gunoc (around neck) {Acrobat +Inv Fly rC+ Int+4}
   (You acquired it on level 5 of the Dungeon)

   [amulet of the acrobat]

   It increases your evasion while moving and waiting.
   Int:       It affects your intelligence (+4).
   rC:        It protects you from cold.
   +Inv:      It lets you turn invisible.
   Fly:       It grants you flight.
Wands
 o - a wand of charming (8)
Scrolls
 e - a scroll of vulnerability {unknown}
 f - 2 scrolls of identify {unknown}
 g - a scroll of enchant weapon
 h - a scroll of torment
 i - a scroll of immolation {unknown}
 l - a scroll of amnesia {unknown}
 n - a scroll of enchant armour {unknown}
 p - a scroll of fear {unknown}
 q - a scroll of teleportation {unknown}
Potions
 d - a potion of flight {unknown}
 r - a potion of heal wounds {unknown}


   Skills:
 + Level 4.4 Fighting
 + Level 4.4 Long Blades
 - Level 4.0 Armour
 + Level 4.4 Dodging
 - Level 2.0 Stealth
 + Level 4.4 Shields
 + Level 1.7 Invocations
 + Level 1.5 Evocations


You had 6 spell levels left.
You didn't know any spells.
Your spell library was empty.

Dungeon Overview and Level Annotations

Branches:
Dungeon (7/15) Zot: 2732
 Temple: D:4-7

Altars:
Ashenzari
Dithmenos
Elyvilon
Gozag
Makhleb
Nemelex Xobeh
Sif Muna
Wu Jian
The Shining One


Innate Abilities, Weirdness & Mutations

You passively map a small area around you.
You are easily found by Zot.
You glow in the dark.
You regain HP and MP as you explore.


Message History

You block the komodo dragon's attack.
You hit the komodo dragon.
The komodo dragon is heavily wounded.
The komodo dragon bites you but does no damage.
You hit the komodo dragon but do no damage.
The komodo dragon is heavily wounded.
The komodo dragon barely misses you. The komodo dragon bites you.
You barely miss the komodo dragon.
The komodo dragon is heavily wounded.
The komodo dragon hisses menacingly.
You block the komodo dragon's attack.
You hit the komodo dragon.
The komodo dragon is heavily wounded.
The komodo dragon barely misses you.
You hit the komodo dragon.
The komodo dragon is severely wounded.
The komodo dragon closely misses you.
You hit the komodo dragon.
The komodo dragon is severely wounded.
You block the komodo dragon's attack.
You hit the komodo dragon but do no damage.
The komodo dragon is severely wounded.
The komodo dragon bites you!
* * * LOW HITPOINT WARNING * * *
The komodo dragon bites you but does no damage.
You hit the komodo dragon but do no damage.
The komodo dragon is severely wounded.
The komodo dragon bites you but does no damage.
You hit the komodo dragon.
The komodo dragon is almost dead.
The komodo dragon bites you!!
* * * LOW HITPOINT WARNING * * *
Unknown command.
You slash the komodo dragon!
The komodo dragon is almost dead.
The komodo dragon barely misses you. You block the komodo dragon's attack.
You hit the komodo dragon but do no damage.
The komodo dragon is almost dead.
The komodo dragon bites you!!
You die...

....#...........# ,
....##..##....#.#
.......#..#..##.# *
...##..#..#.....# *
...#....##..##.## * #.
.............#.# ###...
*
...#...#.......###...###
.#.##.##.#...#.........#
##.......##.##..@l.....#
#####.................#
, ##...#............#
##....##.........#
##..##..........#
#.###..........# * , ##
#.# #..........# , ..##
#.# #.........## ,
...### #.# * ,


You could see a komodo dragon.

Vanquished Creatures
  A sky beast (D:6)
  An ogre (D:5)
  A kobold brigand (D:4)
  A necrophage (D:5)
  Natasha (twice) (D:2)
  2 iguanas
  2 adders
  A dart slug (D:2)
  An orc (D:3)
  5 bats
  5 endoplasms
  2 giant cockroaches
  5 goblins
  4 hobgoblins
  4 quokkas
  A ball python (D:2)
  A frilled lizard (D:2)
  4 kobolds
  4 rats
47 creatures vanquished.

Notes
Turn   | Place    | Note
-------+----------+-------------------------------------------
     0 | D:1      | tilp the Meteoran Fighter began the quest for the Orb.
     0 | D:1      | Reached XP level 1. HP: 19/19 MP: 2/2
    17 | D:2      | Noticed Natasha
    23 | D:2      | Noticed a crimson imp
    24 | D:2      | Killed Natasha
    25 | D:2      | Reached skill level 1 in Dodging
    25 | D:2      | Reached XP level 2. HP: 13/26 MP: 3/3
    25 | D:2      | Reached XP level 3. HP: 16/31 MP: 4/4
   130 | D:3      | Reached XP level 4. HP: 39/39 MP: 5/5
   201 | D:3      | Identified the +5 ring mail "Oliemeno" {rElec}
   279 | D:2      | Noticed Natasha
   305 | D:2      | Killed Natasha
   306 | D:2      | Reached skill level 1 in Stealth
   306 | D:2      | Reached XP level 5. HP: 41/46 MP: 6/6
   614 | D:5      | Entered Level 5 of the Dungeon
   614 | D:5      | Noticed an ogre
   703 | D:4      | Noticed a kobold brigand
   721 | D:4      | Killed a kobold brigand
   722 | D:4      | Reached XP level 6. HP: 14/52 MP: 7/7
   745 | D:4      | Found a shadowy altar of Dithmenos.
  1094 | D:5      | Found a broken altar of Ashenzari.
  1094 | D:5      | Found an opulent altar of Gozag.
  1098 | D:5      | Found a white marble altar of Elyvilon.
  1099 | D:5      | Found a sparkling altar of Nemelex Xobeh.
  1101 | D:5      | Found a burning altar of Makhleb.
  1104 | D:5      | Found a shimmering blue altar of Sif Muna.
  1109 | D:5      | Found a glowing golden altar of the Shining One.
  1111 | D:5      | Found an ornate altar of the Wu Jian Council.
  1124 | D:5      | Became a worshipper of Makhleb the Destroyer
  1152 | D:5      | Killed an ogre
  1153 | D:5      | Reached XP level 7. HP: 37/59 MP: 8/8
  1186 | D:5      | Reached skill level 1 in Invocations
  1186 | D:5      | Reached skill level 1 in Evocations
  1202 | D:5      | Identified 2 scrolls of acquirement
  1202 | D:5      | Acquired the +2 helmet of Immorality {rPois Str+3}
  1209 | D:5      | Acquired the amulet of Gunoc {Acrobat +Inv Fly rC+ Int+4}
  1387 | D:7      | Noticed a komodo dragon
  1404 | D:7      | HP: 3/60 [komodo dragon (20)]
  1406 | D:7      | Demolished by a komodo dragon

Illustrated notes

Levels and vault maps discovered:
D:1:      mrwooster_arrival_statue, layout_loops_cross,
          chequers_serial_rivers_micro_c
D:2:      layout_basic, uniq_natasha
D:3:      minmay_goblin_kobold_castle, layout_basic, serial_corexii_hall,
          chequers_hall_statues_wall_a, chequers_hall_statues_y
D:4:      layout_basic, kennysheep_little_box, minmay_puff
D:5:      minmay_general_purpose_star, layout_rooms,
          nicolae_overflow_hallway_of_the_gods, minmay_temple_entry_mist,
          corexii_checkpoint_a
D:6:      layout_loops_corners, minivault_24, uniq_prince_ribbit1,
          uniq_eustachio
D:7:      layout_cave_pods, hangedman_decor_clover_reticule,
          grunt_ministairs_13, chequers_jeans

Skill      XL: |  1  2  3  4  5  6  7 |
---------------+----------------------+-----
Dodging        | 1 2 3 4 |  4.4
Shields        | 4 |  4.4
Armour         | 4 |  4.0
Long Blades    | 3 4 |  4.4
Stealth        | 1 2 |  2.0
Fighting       | 4 |  4.4
Invocations    | 1 |  1.7
Evocations     | 1 |  1.5

Action                   |  1- 3 |  4- 6 |  7- 9 || total
-------------------------+-------+-------+-------++-------
Melee: Long sword        |    28 |   112 |    51 ||   191
Throw: Dart              |       |     2 |       ||     2
  Use: Potion            |       |     2 |       ||     2
       Scroll            |       |       |     4 ||     4
Armor: Scale mail        |    13 |    12 |       ||    25
       Ring mail         |       |    43 |    17 ||    60
Dodge: Dodged            |     5 |    46 |    17 ||    68
Block: Buckler           |     7 |    27 |    12 ||    46

Table legend: (Time is in decaauts)
 A = Elapsed time spent in this place.
 B = Non-inter-level travel time spent in this place.
 C = Inter-level travel time spent in this place.
 D = Time resting spent in this place.
 E = Time spent auto-exploring this place.
 F = Levels seen in this place.
 G = Mean time per level.
                   A        B        C        D        E       F      G
               +--------+--------+--------+--------+--------+-----+--------+
         Total |   1466 |   1341 |    125 |      0 |      0 |   7 |  209.4 |
       Dungeon |   1466 |   1341 |    125 |      0 |      0 |   7 |  209.4 |
               +--------+--------+--------+--------+--------+-----+--------+

Top non-repeatable levels by time:
     D:4: 713 daAuts
     D:3: 205 daAuts
     D:2: 188 daAuts
     D:5: 144 daAuts
     D:7: 137 daAuts
     D:6: 56 daAuts
     D:1: 20 daAuts
